 Dungeon Crawl Stone Soup version 0.20.1-1-g8b1a95d (webtiles) character file.

44956 Inchmeat the Fencer (level 14, -10/99 HPs)
             Began as a Barachi Ice Elementalist on Aug 24, 2017.
             Was a High Priest of Ashenzari.
             Splashed by an oklob plant's acid (14 damage)
             ... on level 3 of the Lair of Beasts.
             The game lasted 01:19:05 (28741 turns).

Inchmeat the Fencer (Barachi Ice Elementalist)     Turns: 28741, Time: 01:19:06

Health: -10/99     AC:  0    Str: 13    XL:     14   Next: 31%
Magic:  17/17      EV: 28    Int: 14    God:    Ashenzari [*****.]
Gold:   1459       SH:  0    Dex: 25    Spells: 7/17 levels left

rFire    + . .     SeeInvis +   E - +6 great sword of Day {slice, rPois Int-2 Dex+9}
rCold    . . .     Gourm    .   (shield currently unavailable)
rNeg     . . .     Faith    .   d - +3 leather armour {rPois} (curse)
rPois    +         Spirit   .   m - +2 helmet (curse)
rElec    .         Reflect  .   r - +1 cloak
rCorr    .         Harm     .   C - +0 pair of gloves (curse)
MR       ++...     Clarity  +   (no boots)
Stlth    +++.......             b - amulet of regeneration (curse)
Regen    0.7/turn               u - ring of protection from magic
MPRegen  0.2/turn               s - ring of protection from fire (curse)

@: corroded, can't hop, studying Throwing, slow
A: +LOS, swims, repulsion field 1, thin skeletal structure 1, slowness 1, strong
legs 2
a: Hop, Curse Item, Scrying, Transfer Knowledge, Renounce Religion


You were on level 3 of the Lair of Beasts.
You worshipped Ashenzari.
Ashenzari was extremely pleased with you.
You were very hungry.

You visited 2 branches of the dungeon, and saw 18 of its levels.
You also visited: Ossuary and Volcano.

You collected 1459 gold pieces.

Inventory:

Hand Weapons
 j - the +8 rapier of Untruth {venom, *Rage rC+ Str+5 Stlth+}
   (You found it on level 6 of the Dungeon)

   It poisons the flesh of those it strikes.
   It affects your strength (+5).
   It protects you from cold.
   It may make you go berserk in combat.
   It makes you more stealthy.
 E - the +6 great sword of Day (weapon) {slice, rPois Int-2 Dex+9}
   (You found it on level 7 of the Dungeon)

   It inflicts extra damage upon your enemies.
   It affects your intelligence (-2).
   It affects your dexterity (+9).
   It protects you from poison.
 M - a +2 scimitar of flaming
Armour
 d - a cursed +3 leather armour of poison resistance (worn)
 m - a cursed +2 helmet (worn)
 r - a +1 cloak (worn)
 C - a cursed +0 pair of gloves (worn)
 N - the +2 leather armour "Igyzocef" {Int+3}
   (You found it on level 14 of the Dungeon)

   It affects your intelligence (+3).
Jewellery
 b - a cursed amulet of regeneration (around neck)
 s - a cursed ring of protection from fire (right hand)
 u - a ring of protection from magic (left hand)
 V - an uncursed ring of protection from cold
Wands
 y - a wand of digging (14/24)
 B - a wand of digging (2/24)
 H - a wand of digging (10/24)
 I - a wand of iceblast (4/15)
 L - a wand of flame (23/48)
 O - a wand of acid (6/15)
 Q - a wand of digging (18/24)
 S - a wand of paralysis (1/24)
 U - a wand of flame (10/48)
 Y - a wand of confusion (11/48)
Scrolls
 l - a scroll of random uselessness {unknown}
 p - 11 scrolls of identify
 q - 4 scrolls of recharging
 t - 5 scrolls of fog
 x - 5 scrolls of amnesia
 A - 4 scrolls of enchant weapon {unknown}
 D - 4 scrolls of enchant armour
 G - 2 scrolls of remove curse
 K - a scroll of teleportation
 X - a scroll of fear {unknown}
Potions
 e - a potion of resistance
 f - 2 potions of brilliance
 i - 4 potions of berserk rage
 k - 2 potions of heal wounds
 n - a potion of magic
 o - 8 potions of flight
 v - 4 potions of lignification
 w - 4 potions of haste
 F - 2 potions of mutation
 R - a potion of agility
 T - 3 potions of curing {unknown}
 Z - a potion of invisibility
Books
 a - a book of Maledictions

   Spells                             Type                      Level
   a - Corona                         Hexes                        1
   b - Ensorcelled Hibernation        Hexes/Ice                    2
   c - Confuse                        Hexes                        3
   d - Tukima's Dance                 Hexes                        3
   e - Dazzling Spray                 Conjuration/Hexes            3
 h - a book of Cantrips

   Spells                             Type                      Level
   a - Confusing Touch                Hexes                        1
   b - Animate Skeleton               Necromancy                   1
   c - Summon Small Mammal            Summoning                    1
   d - Apportation                    Translocation                1
 P - a book of Air

   Spells                             Type                      Level
   a - Shock                          Conjuration/Air              1
   b - Swiftness                      Charms/Air                   2
   c - Static Discharge               Conjuration/Air              3
   d - Airstrike                      Air                          4
   e - Lightning Bolt                 Conjuration/Air              5
 W - a manual of Throwing
Comestibles
 c - 8 bread rations
 g - 6 meat rations
 z - 10 royal jellies
 J - 43 fruits


   Skills:
 * Level 5.7 Fighting
 - Level 13.0(15.3) Short Blades
 - Level 15.1(17.1) Long Blades
 - Level 0.8 Armour
 * Level 11.7(14.1) Dodging
 - Level 1.7(3.6) Stealth
 - Level 2.1 Spellcasting
 - Level 6.9(9.6) Conjurations
 - Level 1.0(2.5) Charms
 - Level 12.5(14.8) Ice Magic


You had 7 spell levels left.
You knew the following spells:

 Your Spells              Type           Power        Failure   Level  Hunger
a - Freeze                Ice            ####         1%          1    #......
b - Throw Frost           Conj/Ice       #####.       1%          2    ###....
c - Ozocubu's Armour      Chrm/Ice       ####....     2%          3    ###....
d - Throw Icicle          Conj/Ice       #####...     1%          4    #####..


Dungeon Overview and Level Annotations

Branches:
Dungeon (15/15)            Temple (0/1) D:6            Lair (3/6) D:11
 Shoals (0/4) Lair:3          Orc (0/2) D:9          Vaults (0/5) D:13
  Snake: Lair:2-4    Spider: Lair:2-4    Depths: D:15

Altars:
Ashenzari
Dithmenos
Elyvilon
Gozag
Kikubaaqudgha
Nemelex Xobeh
Okawaru
Qazlal
Ru
Sif Muna
Trog
Vehumet
Xom
The Shining One

Shops:
D:10 (

Annotations:
Lair:3 exclusion: 3 oklob plants


Innate Abilities, Weirdness & Mutations

Shadows flee at your approach. (+LOS)
You can swim through water.
You cover ground slowly.
You can hop longer distances.
You are surrounded by a mild repulsion field. (EV +2)
You have a somewhat thin skeletal structure. (Dex +2, Stealth)


Message History

Unknown command.
a - a book of Maledictions The blink frog hits you!
The blink frog blinks!
The oklob plant spits acid at you. The splash of acid hits you!
The acid corrodes you!
You are splashed with acid!
The acid burns!
Unknown command.
Hop to where?
Press: ? - help, Dir - move target cursor Boing!
The oklob plant spits acid at you. The splash of acid hits you!
* * * LOW HITPOINT WARNING * * *
You are splashed with acid!
The acid burns!
* * * LOW HITPOINT WARNING * * *
The oklob plant spits acid at you. The splash of acid hits you!
* * * LOW HITPOINT WARNING * * *
The acid corrodes you!
You are splashed with acid!
The acid burns!
You die...

#... ####... #.#...=
##....≈ ####....≈≈
##########.......≈≈
#.........#.....<.≈
##..####.#..>.#...≈≈
##.#@#.##.#...##...≈≈
#.(P§...##...####.≈≈≈
*#..($§.......##
#..≈≈ #.#.}P.......##
##.≈≈
#.##P......F.#.# ##..
#.# ####.#.....## ###
##* #...##...# * **
###....... , ,{, #Y+#
##. ** ,


You could see 3 oklob plants, a yak (wandering) and a blink frog.

Vanquished Creatures
  Harold (D:11)
  8 vault guards
  A hydra (Lair:1)
  A dancing weapon (Volcano)
  5 two-headed ogres
  3 unseen horrors
  4 wizards (Volcano)
  Pikel (D:7)
  2 ugly things
  2 deep elf magi
  5 toenail golems (Volcano)
  A cyclops (D:14)
  3 centaur zombies
  3 black mambas (Lair:2)
  6 centaur skeletons
  Maurice (D:8)
  3 gargoyles
  2 efreet
  A redback zombie (D:14)
  2 rime drakes (D:12)
  4 komodo dragons
  A queen bee (D:9)
  3 polar bears (D:12)
  5 trolls
  3 hornets (D:9)
  5 hippogriffs
  Sigmund (D:2)
  4 shadows
  2 wraiths (D:11)
  A vampire (D:10)
  22 yaks
  Grum (D:11)
  A basilisk (Lair:3)
  2 hungry ghosts
  A steam dragon (D:10)
  3 vampire mosquitoes (D:11)
  2 redback simulacra
  Edmund (D:5)
  Duvessa (D:7)
  3 water moccasins
  4 porcupines
  2 acid dragons
  3 sky beasts
  3 slaves
  4 ice beasts
  3 black bears
  3 orc warriors
  3 phantoms
  7 ogres
  3 necrophages
  An eye of draining (D:9)
  10 wolves
  5 centaurs
  4 crocodiles
  5 big kobolds
  14 bullfrogs
  A gnoll sergeant (D:5)
  Dowan (D:7)
  A wyvern skeleton (D:7)
  3 scorpions
  17 wights
  36 killer bees
  4 howler monkeys
  An electric eel (D:12)
  4 crimson imps
  A quasit (D:12)
  7 hounds
  2 bullfrog skeletons
  6 orc priests
  A gnoll shaman (D:9)
  6 jellies
  7 orc wizards
  4 iguanas
  Natasha (thrice) (D:2 D:4)
  10 worker ants
  2 bullfrog simulacra (D:12)
  A centaur simulacrum (D:12)
  A big kobold zombie (Ossuary)
  3 hound zombies (D:10)
  A hound skeleton (D:4)
  8 mummies (Ossuary)
  2 worker ant zombies
  14 gnolls
  9 adders
  7 white imps (D:12)
  4 ufetubi (D:12)
  8 oozes (D:3)
  3 adder zombies
  An adder skeleton (D:8)
  3 worms
  2 dart slugs (D:1)
  4 leopard geckos
  40 orcs
  3 ball pythons
  11 giant cockroaches
  A gnoll zombie (Ossuary)
  4 goblins
  9 hobgoblins
  10 jackals
  33 kobolds
  4 quokkas
  7 bats
  10 frilled lizards
  A giant cockroach zombie (D:5)
  4 hobgoblin zombies (Ossuary)
  A jackal skeleton (D:4)
  A jackal zombie (D:5)
  2 kobold zombies (Ossuary)
  A leopard gecko skeleton (D:7)
  10 rats
535 creatures vanquished.

Vanquished Creatures (others)
  A wizard (Volcano)
  An orc priest (D:7)
  An orc wizard (D:7)
  4 orcs (D:7)
  A quokka (D:14)
  A kobold (D:12)
  4 plants (Lair:3)
  10 toadstools (D:3)
23 creatures vanquished.

Grand Total: 558 creatures vanquished

Notes
Turn   | Place    | Note
-------+----------+-------------------------------------------
     0 | D:1      | Inchmeat the Barachi Ice Elementalist began the quest for the Orb.
     0 | D:1      | Reached XP level 1. HP: 13/13 MP: 3/3
   151 | D:1      | Reached XP level 2. HP: 18/19 MP: 0/5
   629 | D:1      | Learned a level 2 spell: Throw Frost
   793 | D:1      | Reached XP level 3. HP: 23/24 MP: 6/6
   857 | D:1      | Learned a level 3 spell: Ozocubu's Armour
   860 | D:1      | Reached skill level 5 in Ice Magic
  1824 | D:2      | Noticed Sigmund
  2118 | D:2      | Reached XP level 4. HP: 30/30 MP: 4/7
  2648 | D:2      | Noticed Natasha
  2652 | D:2      | Killed Natasha
  2652 | D:2      | Reached skill level 1 in Charms
  3213 | D:3      | Found a sparkling altar of Nemelex Xobeh.
  3507 | D:3      | Found a shattered altar of Ashenzari.
  3580 | D:3      | Became a worshipper of Ashenzari the Shackled
  3754 | D:3      | Reached XP level 5. HP: 35/35 MP: 8/8
  3797 | D:3      | Found a radiant altar of Vehumet.
  4505 | D:4      | Noticed a necrophage
  4594 | D:3      | Killed a necrophage
  4919 | D:4      | Reached XP level 6. HP: 38/39 MP: 2/9
  4966 | D:4      | Noticed Natasha
  5007 | D:4      | Killed Natasha
  5013 | D:4      | Noticed Natasha
  5107 | D:4      | Killed Natasha
  5192 | D:4      | Gained mutation: You are surrounded by a mild repulsion field. (EV +2) [potion of mutation]
  5192 | D:4      | Gained mutation: You have a somewhat thin skeletal structure. (Dex +2, Stealth) [potion of mutation]
  5733 | D:4      | Found an ancient bone altar of Kikubaaqudgha.
  5766 | D:4      | Noticed Edmund
  5767 | D:4      | Noticed an orc warrior
  5949 | D:3      | Reached XP level 7. HP: 44/44 MP: 1/10
  6638 | D:3      | Learned a level 4 spell: Throw Icicle
  7274 | D:5      | Entered Level 5 of the Dungeon
  7275 | D:5      | Found a sand-covered staircase.
  7292 | Ossuary  | Entered an ossuary
  8702 | D:5      | Reached XP level 8. HP: 39/52 MP: 2/11
  9114 | D:5      | Reached skill level 10 in Ice Magic
  9117 | D:5      | Reached skill level 5 in Conjurations
  9585 | D:5      | Found a glowing golden altar of the Shining One.
  9751 | D:5      | Reached skill level 1 in Fighting
 11360 | D:5      | Reached XP level 9. HP: 27/61 MP: 1/12
 11748 | D:5      | Killed Edmund
 13149 | D:6      | Found a sacrificial altar of Ru.
 13307 | D:6      | Found a staircase to the Ecumenical Temple.
 13581 | D:6      | Got the rapier of Untruth {venom, *Rage rC+ Str+5 Stlth+}
 13625 | D:6      | Identified the +8 rapier of Untruth {venom, *Rage rC+ Str+5 Stlth+} (You found it on level 6 of the Dungeon)
 13675 | D:7      | Noticed Dowan
 13679 | D:7      | Noticed Pikel
 13680 | D:7      | Noticed Duvessa
 13833 | D:7      | Killed Duvessa
 13840 | D:7      | Killed Dowan
 13939 | D:7      | Paralysed by Pikel for 6 turns
 13945 | D:7      | Killed Pikel
 13945 | D:7      | Reached skill level 5 in Short Blades
 14544 | D:7      | Got the great sword of Day {slice, rPois Int-2 Dex+9}
 14580 | D:7      | Reached XP level 10. HP: 70/70 MP: 10/13
 15275 | D:8      | Noticed Maurice
 15583 | D:8      | Reached * piety under Ashenzari
 15656 | D:8      | Found a shadowy altar of Dithmenos.
 15659 | D:8      | Found an opulent altar of Gozag.
 15662 | D:8      | Found a deep blue altar of Sif Muna.
 15677 | D:8      | Found a stormy altar of Qazlal.
 15785 | D:8      | Killed Maurice
 15872 | D:8      | Identified the +6 great sword of Day {slice, rPois Int-2 Dex+9} (You found it on level 7 of the Dungeon)
 16064 | D:9      | Reached skill level 10 in Short Blades
 16072 | D:9      | Found a staircase to the Orcish Mines.
 16373 | D:9      | Noticed a two-headed ogre
 16384 | D:9      | Killed a two-headed ogre
 16393 | D:9      | Reached XP level 11. HP: 51/75 MP: 0/14
 17139 | D:9      | Noticed a two-headed ogre
 17157 | D:9      | Killed a two-headed ogre
 17664 | D:9      | Reached skill level 1 in Long Blades
 17765 | D:10     | Entered Level 10 of the Dungeon
 17765 | D:10     | Found Cudin's Antique Weapon Emporium.
 17892 | D:10     | Noticed a two-headed ogre
 17901 | D:10     | Reached skill level 2 in Long Blades
 17909 | D:10     | Killed a two-headed ogre
 17909 | D:10     | Reached skill level 4 in Long Blades
 18315 | D:10     | Reached skill level 5 in Long Blades
 18469 | D:10     | Reached skill level 6 in Long Blades
 18786 | D:10     | Reached skill level 7 in Long Blades
 19267 | D:11     | Found a white marble altar of Elyvilon.
 19569 | D:2      | Killed Sigmund
 19769 | D:5      | Found a bloodstained altar of Trog.
 19781 | D:5      | Reached ** piety under Ashenzari
 20070 | D:11     | Reached skill level 8 in Long Blades
 20242 | D:11     | Noticed a two-headed ogre
 20258 | D:11     | Killed a two-headed ogre
 20258 | D:11     | Reached skill level 9 in Long Blades
 20258 | D:11     | Reached XP level 12. HP: 70/81 MP: 2/15
 20475 | D:11     | Noticed Harold
 20488 | D:11     | Killed Harold
 20628 | D:11     | Noticed Grum
 20637 | D:11     | Killed Grum
 20637 | D:11     | Reached skill level 10 in Long Blades
 21165 | D:11     | Found a staircase to the Lair.
 21678 | D:12     | Reached skill level 11 in Long Blades
 22188 | D:12     | Reached skill level 12 in Long Blades
 22407 | D:12     | Reached *** piety under Ashenzari
 22881 | D:12     | Found an iron altar of Okawaru.
 22893 | D:12     | Reached skill level 13 in Long Blades
 23494 | D:12     | Gained mutation: You can hop longer distances. [Barachi growth]
 23494 | D:12     | Reached XP level 13. HP: 86/86 MP: 16/16
 23767 | D:13     | Reached skill level 14 in Long Blades
 23808 | D:13     | Reached skill level 5 in Dodging
 23829 | D:13     | Found a gate to the Vaults.
 23829 | D:13     | Noticed a vault guard
 23829 | D:13     | Noticed a vault guard
 23829 | D:13     | Noticed a vault guard
 23830 | D:13     | Noticed a vault guard
 23830 | D:13     | Noticed a vault guard
 23830 | D:13     | Noticed a vault guard
 23831 | D:13     | Noticed a vault guard
 23976 | D:14     | Got the uncursed leather armour "Igyzocef" {Int+3}
 24023 | D:14     | Found a white marble altar of Elyvilon.
 24097 | D:14     | Reached **** piety under Ashenzari
 24416 | D:14     | Reached skill level 15 in Long Blades
 24508 | D:15     | Entered Level 15 of the Dungeon
 24803 | D:14     | Killed a vault guard
 24827 | D:14     | Killed a vault guard
 24867 | D:14     | Killed a vault guard
 25027 | D:13     | Killed a vault guard
 25046 | D:13     | Killed a vault guard
 25244 | D:13     | Killed a vault guard
 25302 | D:13     | Noticed a vault guard
 25320 | D:13     | Killed a vault guard
 25436 | D:13     | Found a shimmering altar of Xom.
 25436 | D:13     | Found a shimmering altar of Xom.
 25438 | D:13     | Found a shimmering altar of Xom.
 25440 | D:13     | Found a shimmering altar of Xom.
 25501 | D:13     | Found an iron altar of Okawaru.
 25708 | D:13     | Killed a vault guard
 25932 | Lair:1   | Entered Level 1 of the Lair of Beasts
 26263 | Lair:1   | Reached skill level 10 in Dodging
 26950 | Lair:2   | Reached XP level 14. HP: 85/93 MP: 17/17
 27871 | Lair:3   | Found a dark tunnel.
 27899 | Volcano  | Entered a volcano
 27923 | Volcano  | Paralysed by a wizard for 7 turns
 28091 | Volcano  | Identified the +2 leather armour "Igyzocef" {Int+3} (You found it on level 14 of the Dungeon)
 28251 | Volcano  | Reached skill level 5 in Fighting
 28442 | Lair:3   | Reached ***** piety under Ashenzari
 28741 | Lair:3   | HP: 4/99 [oklob plant/splash of acid (9)]
 28741 | Lair:3   | Splashed by an oklob plant's acid

Skill      XL: |  1  2  3  4  5  6  7  8  9 10 11 12 13 14 |
---------------+-------------------------------------------+-----
Ice Magic      | 4 5 6 7 8 9 11 12 | 12.5
Charms         | 1 |  1.0
Conjurations   | 2 3 4 6 |  6.9
Fighting       | 2 3 5 |  5.7
Short Blades   | 5 11 13 | 13.0
Long Blades    | 9 13 15 | 15.1
Dodging        | 4 10 11 | 11.7
Armour         | |  0.8
Stealth        | |  1.7
Spellcasting   | |  2.1

Action                   |  1- 3 |  4- 6 |  7- 9 | 10-12 | 13-15 || total
-------------------------+-------+-------+-------+-------+-------++-------
Melee: Dagger            |    47 |    54 |   423 |       |       ||   524
       Unarmed           |       |     1 |       |       |       ||     1
       Rapier            |       |       |    44 |   258 |       ||   302
       Great sword       |       |       |       |   348 |   381 ||   729
       Scimitar          |       |       |       |       |    31 ||    31
 Cast: Freeze            |    42 |    47 |   156 |     3 |     2 ||   250
       Throw Frost       |     5 |    34 |    73 |     7 |     3 ||   122
       Throw Icicle      |       |       |    24 |    27 |    18 ||    69
       Ozocubu's Armour  |       |       |       |     3 |       ||     3
Invok: Curse Item        |       |     1 |     2 |     1 |     2 ||     6
 Abil: Hop               |     1 |     3 |     9 |     6 |     3 ||    22
Evoke: Wand              |       |       |       |     5 |     3 ||     8
  Use: Scroll            |     7 |     6 |     9 |     4 |     2 ||    28
       Potion            |       |     2 |    10 |     4 |       ||    16
 Stab: Sleeping          |     2 |     2 |     2 |     8 |     3 ||    17
       Invisible         |       |       |     5 |       |       ||     5
       Distracted        |       |       |       |     2 |       ||     2
       Paralysed         |       |       |       |     1 |       ||     1
  Eat: Chunk             |     5 |     9 |    32 |    21 |     8 ||    75
       Fruit             |       |     2 |     3 |       |       ||     5
       Bread ration      |       |     1 |     1 |       |       ||     2
       Royal jelly       |       |       |     1 |     4 |     4 ||     9
       Meat ration       |       |       |       |     3 |     1 ||     4
Armor: Robe              |    14 |    32 |    55 |       |       ||   101
       Skin              |       |     4 |     4 |     6 |       ||    14
       Ring mail         |       |       |    45 |       |       ||    45
       Leather armour    |       |       |    11 |   177 |    85 ||   273
Dodge: Dodged            |    49 |    84 |   312 |   483 |   345 ||  1273
       Rpst.: Great sword |       |       |       |    89 |    82 ||   171
       Scimitar          |       |       |       |       |     9 ||     9
